SNL (28 & UNDER)
BLACKIRON DRAGONS @ GAINESVILLE GUIDOS
04/12/2023
 
TOP OF THE 1ST
BlackIron Dragons batting - Pitching for Gainesville Guidos : RHP Marlon Ryan
Pitching: RHP Marlon Ryan
Batting: RHB Lúcio García 0-0: SINGLE (Groundball, 4MD)
Batting: RHB Manuel Torres 0-0: Ball
1-0: Ball
Throwing error on steal attempt, E2
Lúcio García to third
2-0: Called Strike
2-1: Swinging Strike
2-2: Strikes out swinging
Batting: LHB Ralph Schultz 0-0: Foul Ball, location: 2F
0-1: Ball
1-1: Ball
2-1: Ball
3-1: Fly out, F7 (Flyball, 7M)
Runner from 3rd tags up, SCORES, no throw
Batting: SHB Tommy Bourassa 0-0: Ball
1-0: Swinging Strike
1-1: Foul Ball, location: 2F
1-2: Strikes out swinging
Top of the 1st over - 1 run(s), 1 hit(s), 1 error(s), 0 left on base; BlackIron 1 - Gainesville 0
BOTTOM OF THE 1ST
Gainesville Guidos batting - Pitching for BlackIron Dragons : RHP Jeff Townsend
Pitching: RHP Jeff Townsend
Batting: RHB Adrian Prouse 0-0: Called Strike
0-1: Ball
1-1: Ball
2-1: Swinging Strike
2-2: Ball
3-2: Base on Balls
Batting: RHB Fernando Mendoza 0-0: Called Strike
0-1: Ball
1-1: Called Strike
1-2: Strikes out swinging
Batting: LHB Sergio Barrón 0-0: Ball
1-0: Foul Ball, location: 2F
1-1: Ball
2-1: DOUBLE (Line Drive, 9LD)
Adrian Prouse to third
Runner from 3rd tries for Home, SAFE, no throw or cutoff
Batting: RHB Victor Andrews 0-0: Ball
1-0: Ball
2-0: SINGLE (Line Drive, 56D)
Sergio Barrón to third
Batting: RHB Jason Saunders 0-0: Called Strike
0-1: Ball
1-1: Foul Ball, location: 2F
1-2: Strikes out swinging
Batting: RHB Noriyori Ine 0-0: Ball
1-0: Ball
2-0: Ball
3-0: Called Strike
3-1: Base on Balls
Victor Andrews to second
Batting: LHB Ed Hart 0-0: Ground out 4-3 (Groundball, 34)
Bottom of the 1st over - 1 run(s), 2 hit(s), 0 error(s), 3 left on base; BlackIron 1 - Gainesville 1
TOP OF THE 2ND
BlackIron Dragons batting - Pitching for Gainesville Guidos : RHP Marlon Ryan
Batting: LHB Rusty Clinton 0-0: Called Strike
0-1: Called Strike
0-2: Strikes out swinging
Batting: RHB Ed Sims 0-0: Called Strike
0-1: Swinging Strike
0-2: Foul Ball, location: 2F
0-2: Ball
1-2: SINGLE (Groundball, 56)
Batting: RHB Leroy Jamison 0-0: Called Strike
0-1: Swinging Strike
0-2: Strikes out swinging
Ed Sims steals 2nd base
Batter strikes out.
Batting: RHB Mal Snyder 0-0: Called Strike
0-1: Ball
1-1: Foul Ball, location: 2F
1-2: Strikes out swinging
Top of the 2nd over - 0 run(s), 1 hit(s), 0 error(s), 1 left on base; BlackIron 1 - Gainesville 1
BOTTOM OF THE 2ND
Gainesville Guidos batting - Pitching for BlackIron Dragons : RHP Jeff Townsend
Batting: SHB Reynaldo Gallegos 0-0: Ball
1-0: Ball
2-0: SINGLE (Groundball, 34D)
Batting: LHB Mark Owens 0-0: Ball
1-0: Swinging Strike
1-1: Ball
2-1: Called Strike
2-2: Ground out 1-3 (Groundball, 13S)
Reynaldo Gallegos to second
Batting: RHB Adrian Prouse 0-0: Ball
1-0: Called Strike
1-1: Foul Ball, location: 2F
1-2: Ground out 6-3 (Groundball, 6)
Reynaldo Gallegos to third
Batting: RHB Fernando Mendoza 0-0: Fly out, F9 (Flyball, 89M)
Bottom of the 2nd over - 0 run(s), 1 hit(s), 0 error(s), 1 left on base; BlackIron 1 - Gainesville 1
TOP OF THE 3RD
BlackIron Dragons batting - Pitching for Gainesville Guidos : RHP Marlon Ryan
Batting: RHB Brian Jackson 0-0: SINGLE (Groundball, 4MD)
Batting: RHB Lúcio García 0-0: Foul Ball, location: 2F
0-1: Foul Ball, location: 2F
0-2: Fly out, F9 (Flyball, 89M)
Batting: RHB Manuel Torres 0-0: Ball
1-0: Called Strike
1-1: Called Strike
1-2: Fly out, F5 (Popup, 5SF)
Batting: LHB Ralph Schultz 0-0: Ball
1-0: Foul Ball, location: 2F
1-1: Ball
2-1: Fly out, F6 (Popup, 56)
Top of the 3rd over - 0 run(s), 1 hit(s), 0 error(s), 1 left on base; BlackIron 1 - Gainesville 1
BOTTOM OF THE 3RD
Gainesville Guidos batting - Pitching for BlackIron Dragons : RHP Jeff Townsend
Batting: LHB Sergio Barrón 0-0: Ball
1-0: Called Strike
1-1: Foul Ball, location: 2F
1-2: SOLO HOME RUN (Flyball, 89XD), Distance : 380 ft
Batting: RHB Victor Andrews 0-0: Fly out, F7 (Flyball, 78M)
Batting: RHB Jason Saunders 0-0: Ball
1-0: Ground out 4-3 (Groundball, 13)
Batting: RHB Noriyori Ine 0-0: Called Strike
0-1: Ball
1-1: Ball
2-1: Ball
3-1: Called Strike
3-2: Fly out, F6 (Popup, 6M)
Bottom of the 3rd over - 1 run(s), 1 hit(s), 0 error(s), 0 left on base; BlackIron 1 - Gainesville 2
TOP OF THE 4TH
BlackIron Dragons batting - Pitching for Gainesville Guidos : RHP Marlon Ryan
Batting: SHB Tommy Bourassa 0-0: Ball
1-0: Ground out U3 (Groundball, 3)
Batting: LHB Rusty Clinton 0-0: Ball
1-0: Called Strike
1-1: Ball
2-1: Fly out, F9 (Flyball, 89XD)
Batting: RHB Ed Sims 0-0: Ball
1-0: SINGLE (Flyball, 9LS)
Batting: RHB Leroy Jamison 0-0: Ball
1-0: Called Strike
Ed Sims steals 2nd base
1-1: Ball
2-1: Ground out 6-3 (Groundball, 6M)
Top of the 4th over - 0 run(s), 1 hit(s), 0 error(s), 1 left on base; BlackIron 1 - Gainesville 2
BOTTOM OF THE 4TH
Gainesville Guidos batting - Pitching for BlackIron Dragons : RHP Jeff Townsend
Batting: LHB Ed Hart 0-0: Called Strike
0-1: Foul Ball, location: 2F
0-2: Ball
1-2: Ball
2-2: Foul Ball, location: 2F
2-2: Foul Ball, location: 2F
2-2: Ball
3-2: Foul Ball, location: 2F
3-2: Base on Balls
Batting: SHB Reynaldo Gallegos 0-0: Ball
1-0: Ball
2-0: Called Strike
2-1: Swinging Strike
2-2: Foul Ball, location: 2F
2-2: Strikes out swinging
Batting: LHB Mark Owens 0-0: DOUBLE (Line Drive, 3L)
Ed Hart to third
Batting: RHB Adrian Prouse 0-0: Called Strike
0-1: Ball
1-1: Called Strike
1-2: Ball
2-2: Ball
3-2: Strikes out swinging
Batting: RHB Fernando Mendoza 0-0: Called Strike
0-1: Ball
1-1: Fly out, F8 (Popup, 8RS)
Bottom of the 4th over - 0 run(s), 1 hit(s), 0 error(s), 2 left on base; BlackIron 1 - Gainesville 2
TOP OF THE 5TH
BlackIron Dragons batting - Pitching for Gainesville Guidos : RHP Marlon Ryan
Batting: RHB Mal Snyder 0-0: Ball
1-0: Ball
2-0: Foul Ball, location: 2F
2-1: Ball
3-1: SINGLE (Groundball, 4MD)
Batting: RHB Brian Jackson 0-0: Ball
1-0: Called Strike
1-1: SINGLE (Line Drive, 34)
Mal Snyder to second
Batting: RHB Lúcio García 0-0: Called Strike
0-1: DOUBLE (Flyball, 8RD)
Mal Snyder scores
Brian Jackson to third
Runner from 3rd tries for Home, SAFE, throw made home
Batting: RHB Manuel Torres 0-0: Ball
1-0: Ball
2-0: Swinging Strike
2-1: Ground out 6-3 (Groundball, 6)
Lúcio García to third
Batting: LHB Ralph Schultz 0-0: Called Strike
0-1: Foul Ball, location: 2F
0-2: Ball
1-2: Foul Ball, location: 2F
1-2: Reached on error, E2 (Groundball, 2R)
Lúcio García scores
Batting: SHB Tommy Bourassa 0-0: Fielders Choice at 2nd, 4-6 (Groundball, 4)
Batting: LHB Rusty Clinton 0-0: Called Strike
Tommy Bourassa steals 2nd base
0-1: Foul Ball, location: 2F
0-2: Ball
1-2: Ball
2-2: Ground out 6-3 (Groundball, 6)
Top of the 5th over - 3 run(s), 3 hit(s), 1 error(s), 1 left on base; BlackIron 4 - Gainesville 2
BOTTOM OF THE 5TH
Gainesville Guidos batting - Pitching for BlackIron Dragons : RHP Jeff Townsend
Batting: LHB Sergio Barrón 0-0: Fly out, F8 (Flyball, 8RS)
Batting: RHB Victor Andrews 0-0: Called Strike
0-1: Ground out 5-3 (Groundball, 5)
Batting: RHB Jason Saunders 0-0: Ball
1-0: SINGLE (Flyball, 78S)
Batting: RHB Noriyori Ine 0-0: Ball
1-0: Ball
2-0: Foul Ball, location: 2F
2-1: Ball
3-1: Called Strike
3-2: Fly out, F9 (Line Drive, 89S)
Bottom of the 5th over - 0 run(s), 1 hit(s), 0 error(s), 1 left on base; BlackIron 4 - Gainesville 2
TOP OF THE 6TH
BlackIron Dragons batting - Pitching for Gainesville Guidos : RHP Marlon Ryan
Batting: RHB Ed Sims 0-0: Called Strike
0-1: Ball
1-1: Ball
2-1: Ball
3-1: Foul Ball, location: 2F
3-2: SINGLE (Groundball, 4MD)
Pitching: LHP Pedro Flores
Batting: RHB Leroy Jamison 0-0: Ball
1-0: Foul Ball, location: 2F
1-1: Ball
Ed Sims steals 2nd base
2-1: Called Strike
2-2: Ball
3-2: Strikes out looking
Batting: RHB Mal Snyder 0-0: Intentional Walk
Batting: RHB Brian Jackson 0-0: Ball
1-0: Called Strike
1-1: Swinging Strike
1-2: Strikes out looking
Batting: RHB Lúcio García 0-0: Called Strike
0-1: Swinging Strike
0-2: Ball
1-2: Strikes out swinging
Top of the 6th over - 0 run(s), 1 hit(s), 0 error(s), 2 left on base; BlackIron 4 - Gainesville 2
BOTTOM OF THE 6TH
Gainesville Guidos batting - Pitching for BlackIron Dragons : RHP Jeff Townsend
Pitching: RHP Fernando Mendoza
Batting: LHB Ed Hart 0-0: SINGLE (Line Drive, 7S)
Batting: SHB Reynaldo Gallegos 0-0: Ball
1-0: Called Strike
1-1: Ball
2-1: Swinging Strike
2-2: Hit by Pitch
Ed Hart to second
Pinch Runner at 1st António Hernández:
Batting: LHB Mark Owens 0-0: Called Strike
0-1: Fielders Choice at 2nd, 4-6 (Groundball, 34)
Ed Hart to third
Batting: RHB Adrian Prouse 0-0: Ball
1-0: Ball
2-0: Called Strike
2-1: Swinging Strike
2-2: Ball
3-2: Strikes out looking
Batting: RHB Fernando Mendoza 0-0: Ball
1-0: Ball
2-0: Ball
3-0: Base on Balls
Mark Owens to second
Batting: LHB Sergio Barrón 0-0: Ball
1-0: Fly out, F4 (Popup, 34)
Bottom of the 6th over - 0 run(s), 1 hit(s), 0 error(s), 3 left on base; BlackIron 4 - Gainesville 2
TOP OF THE 7TH
BlackIron Dragons batting - Pitching for Gainesville Guidos : LHP Pedro Flores
Now in RF: António Hernández
Batting: RHB Manuel Torres 0-0: Swinging Strike
0-1: Swinging Strike
0-2: Strikes out swinging
Batting: LHB Ralph Schultz 0-0: Ball
1-0: Ball
2-0: Ball
3-0: Base on Balls
Batting: SHB Tommy Bourassa 0-0: Ball
1-0: Ball
2-0: Called Strike
2-1: Foul Ball, location: 2F
2-2: Ball
3-2: Foul Ball, location: 2F
3-2: Base on Balls
Ralph Schultz to second
Pinch Hitting: RHB Francisco Quintero 0-0: Ball
1-0: Ball
2-0: Swinging Strike
2-1: Foul Ball, location: 2F
2-2: Ball
3-2: Foul Ball, location: 2F
3-2: Base on Balls
Ralph Schultz to third
Tommy Bourassa to second
Batting: RHB Ed Sims 0-0: Called Strike
0-1: Foul Ball, location: 2F
0-2: Foul Ball, location: 2F
0-2: Ball
1-2: Ball
2-2: Ground out 3-1 (Groundball, 34S)
Ralph Schultz scores
Tommy Bourassa to third
Francisco Quintero to second
Pitching: RHP Juan Patino
Batting: RHB Leroy Jamison 0-0: Ball
1-0: Called Strike
1-1: Foul Ball, location: 2F
1-2: Fly out, F9 (Flyball, 89M)
Top of the 7th over - 1 run(s), 0 hit(s), 0 error(s), 2 left on base; BlackIron 5 - Gainesville 2
BOTTOM OF THE 7TH
Gainesville Guidos batting - Pitching for BlackIron Dragons : RHP Fernando Mendoza
Now in CF: Manuel Cortéz
Batting: RHB Victor Andrews 0-0: Ball
1-0: Called Strike
1-1: Called Strike
1-2: Ground out 4-3 (Groundball, 4)
Batting: RHB Jason Saunders 0-0: Ball
1-0: Foul Ball, location: 2F
1-1: Ball
2-1: Ball
3-1: SINGLE (Groundball, 6MD) (infield hit)
Batting: RHB Noriyori Ine 0-0: Ball
1-0: Ball
Jason Saunders steals 2nd base
2-0: DOUBLE (Line Drive, 5L)
Jason Saunders scores
Batting: LHB Ed Hart 0-0: Called Strike
0-1: Ball
1-1: Called Strike
1-2: Ground out 6-3 (Groundball, 6)
Batting: LHB António Hernández 0-0: Ball
1-0: Called Strike
1-1: Ball
2-1: Ball
3-1: Base on Balls
Pitching: LHP José Gonzáles
Pinch Hitting: RHB Satoru Daikawa 0-0: Fielders Choice at 2nd, U6 (Groundball, 6M)
Bottom of the 7th over - 1 run(s), 2 hit(s), 0 error(s), 2 left on base; BlackIron 5 - Gainesville 3
TOP OF THE 8TH
BlackIron Dragons batting - Pitching for Gainesville Guidos : RHP Juan Patino
Now at 2B: José Ortega
Batting: RHB Mal Snyder 0-0: Called Strike
0-1: Ball
1-1: Ball
2-1: Foul Ball, location: 2F
2-2: Strikes out swinging
Batting: RHB Brian Jackson 0-0: Called Strike
0-1: Foul Ball, location: 2F
0-2: Ball
1-2: Foul Ball, location: 2F
1-2: Foul Ball, location: 2F
1-2: Fly out, F8 (Flyball, 8LXD)
Batting: RHB Lúcio García 0-0: Called Strike
0-1: Ball
1-1: Ground out 2-3 (Groundball, 2L)
Top of the 8th over - 0 run(s), 0 hit(s), 0 error(s), 0 left on base; BlackIron 5 - Gainesville 3
BOTTOM OF THE 8TH
Gainesville Guidos batting - Pitching for BlackIron Dragons : LHP José Gonzáles
Batting: RHB Adrian Prouse 0-0: Ball
1-0: Foul Ball, location: 2F
1-1: Foul Ball, location: 2F
1-2: Hit by Pitch
Pitching: RHP António García
Batting: RHB Fernando Mendoza 0-0: Ball
1-0: Ground out 5-3 (Groundball, 5S)
Adrian Prouse to second
Batting: LHB Sergio Barrón 0-0: DOUBLE (Line Drive, 3D)
Adrian Prouse scores
Batting: RHB Victor Andrews 0-0: Ball
1-0: Called Strike
1-1: SINGLE (Groundball, 56D)
Sergio Barrón to third
Runner from 3rd tries for Home, SAFE, throw made home
Pinch Hitting: RHB José Fernández 0-0: Ball
1-0: Ground out 6-3 (Groundball, 6S)
Victor Andrews to second
Pinch Hitting: LHB David Murphy 0-0: Foul Ball, location: 2F
0-1: Called Strike
0-2: Ball
1-2: Strikes out swinging
Bottom of the 8th over - 2 run(s), 2 hit(s), 0 error(s), 1 left on base; BlackIron 5 - Gainesville 5
TOP OF THE 9TH
BlackIron Dragons batting - Pitching for Gainesville Guidos : RHP Juan Patino
Pitching: LHP Luis López
Now at SS: Juan Carlos Alfonzo
Now in LF: David Murphy
Pinch Hitting: RHB Eddie Shirley 0-0: Ball
1-0: SINGLE (Groundball, 4MS) (infield hit)
Batting: LHB Ralph Schultz 0-0: Fly out, F8 (Flyball, 89M)
Batting: SHB Tommy Bourassa 0-0: Ball
1-0: Grounds into double play, 6-4-3 (Groundball, 6)
Top of the 9th over - 0 run(s), 1 hit(s), 0 error(s), 0 left on base; BlackIron 5 - Gainesville 5
BOTTOM OF THE 9TH
Gainesville Guidos batting - Pitching for BlackIron Dragons : RHP António García
Now at SS: Eugene Payne
Batting: LHB Ed Hart 0-0: Ground out U3 (Groundball, 3)
Batting: LHB António Hernández 0-0: Called Strike
0-1: Called Strike
0-2: Strikes out swinging
Pitching: RHP Luis Canseco
Batting: RHB José Ortega 0-0: Ball
1-0: Ground out 5-3 (Groundball, 5L)
Bottom of the 9th over - 0 run(s), 0 hit(s), 0 error(s), 0 left on base; BlackIron 5 - Gainesville 5
TOP OF THE 10TH
BlackIron Dragons batting - Pitching for Gainesville Guidos : LHP Luis López
Batting: RHB Manuel Cortéz 0-0: Called Strike
0-1: Ball
1-1: Swinging Strike
1-2: Ground out 4-3 (Groundball, 4M)
Batting: RHB Ed Sims 0-0: Swinging Strike
0-1: Called Strike
0-2: Ball
1-2: Strikes out swinging
Batting: RHB Leroy Jamison 0-0: Called Strike
0-1: Called Strike
0-2: Ball
1-2: Foul Ball, location: 2F
1-2: Reached on error, E5 (Groundball, 5)
Batting: RHB Mal Snyder 0-0: Ball
1-0: Foul Ball, location: 2F
1-1: Fielders Choice at 2nd, 6-4 (Groundball, 6)
Top of the 10th over - 0 run(s), 0 hit(s), 1 error(s), 0 left on base; BlackIron 5 - Gainesville 5
BOTTOM OF THE 10TH
Gainesville Guidos batting - Pitching for BlackIron Dragons : RHP Luis Canseco
Batting: RHB Adrian Prouse 0-0: Called Strike
0-1: Called Strike
0-2: Foul Ball, location: 2F
0-2: Ball
1-2: Foul Ball, location: 2F
1-2: Ball
2-2: Foul Ball, location: 2F
2-2: Ball
3-2: Base on Balls
Batting: RHB Fernando Mendoza 0-0: Bunted foul
0-1: Sac Bunt - play at first, batter OUT! 1-4
Adrian Prouse to second
Batting: LHB Sergio Barrón 0-0: Ball
Adrian Prouse steals 3rd base
1-0: Intentional Walk
Batting: RHB Victor Andrews 0-0: Fly out, F4 (Popup, 4D)
Batting: RHB Juan Carlos Alfonzo 0-0: Ball
1-0: Ball
2-0: Ball
Wild Pitch!
Adrian Prouse scores
This league is powered by Out of the Park Baseball, the baseball management simulation game for PC, Mac and Linux
Wednesday, December 2nd, 2015 - OOTP Baseball 16.8 Build 38